 Dungeon Crawl Stone Soup version 0.28.0 (webtiles) character file.

Game seed: 12418817704459108418

3657 GrayStillPlays the Blocker (level 10, -10/81 HPs)
             Began as a Gnoll Fighter on Feb 16, 2022.
             Was a Believer of Okawaru.
             Mangled by a sixfirhy (12 damage)
             ... on level 1 of the Abyss.
             The game lasted 00:13:07 (10032 turns).

GrayStillPlays the Blocker (Gnoll Fighter)         Turns: 10032, Time: 00:13:08

Health: -10/81     AC: 16    Str: 16    XL:     10   Next: 12%
Magic:  17/17      EV: 10    Int: 12    God:    Okawaru [**....]
Gold:   532        SH:  6    Dex: 11    Spells: 19/19 levels left

rFire   . . .      SeeInvis .   d - +1 trident (protect) {polearm}
rCold   . . .      Faith    .   c - +0 buckler
rNeg    . . .      Spirit   .   s - +0 plate armour
rPois   .          Reflect  .   (no helmet)
rElec   .          Harm     .   (no cloak)
rCorr   .          Rampage  .   f - +0 pair of gloves
Will    .....                   h - +0 pair of boots
Stlth   ..........              K - amulet of regeneration {@e2}
HPRegen 1.03/turn               H - +4 ring of evasion
MPRegen 0.15/turn               (no ring)

@: studying Bows
A: fangs 1, strong nose, distributed training
a: Renounce Religion, Heroism


You were on level 1 of the Abyss.
You worshipped Okawaru.
Okawaru was pleased with you.
You visited 2 branches of the dungeon, and saw 10 of its levels.
You visited the Abyss 1 time.

You collected 532 gold pieces.


Innate Abilities, Weirdness & Mutations

You have very sharp teeth.
Your uncanny sense of smell can sniff out nearby items.
Your experience applies equally to all skills.


   Skills:
 + Level 8.3 Fighting
 + Level 5.0 Short Blades
 + Level 5.0 Long Blades
 + Level 6.8 Axes
 + Level 5.0 Maces & Flails
 + Level 5.0 Polearms
 + Level 5.0 Staves
 + Level 5.0 Slings
 + Level 6.7 Bows
 + Level 5.0 Crossbows
 + Level 5.0 Throwing
 + Level 8.3 Armour
 + Level 5.0 Dodging
 + Level 5.0 Stealth
 + Level 8.3 Shields
 + Level 5.0 Unarmed Combat
 + Level 5.0 Spellcasting
 + Level 4.1 Conjurations
 + Level 4.1 Hexes
 + Level 4.1 Summonings
 + Level 4.1 Necromancy
 + Level 4.1 Translocations
 + Level 4.1 Transmutations
 + Level 4.1 Fire Magic
 + Level 4.1 Ice Magic
 + Level 4.1 Air Magic
 + Level 4.1 Earth Magic
 + Level 4.1 Poison Magic
 + Level 5.4 Invocations
 + Level 5.0 Evocations


You had 19 spell levels left.
You didn't know any spells.
Your spell library contained the following spells:

 Spells                   Type           Power      Damage    Failure   Level
 Storm Form               Tmut/Air       6%         N/A       100%        7
 Maxwell's Capacitive Co  Air            6%         ∞         100%        8
 Summon Lightning Spire   Summ/Air       Unusable   N/A       N/A         4

Inventory:

Hand Weapons
 a - a +0 war axe {axe}
 d - a +1 trident of protection (weapon) {polearm}
   (You took it off Terence on level 2 of the Dungeon)
 E - a +2 hand axe of electrocution {axe}
   (You found it on level 5 of the Dungeon)
 P - a +2 trident of flaming {polearm}
   (You took it off a gnoll sergeant on level 7 of the Dungeon)
Missiles
 b - 98 sling bullets
 i - 264 stones {throwing}
 j - 81 bolts
 l - 6 atropa-tipped darts (quivered) {throwing}
 t - 152 arrows
 x - a boomerang of dispersal {=f!fthrowing}
 O - 2 poisoned darts {throwing}
 S - 2 boomerangs {throwing}
Armour
 c - a +0 buckler (worn)
 f - a +0 pair of gloves (worn)
   (You found it on level 1 of the Dungeon)
 h - a +0 pair of boots (worn)
   (You found it on level 1 of the Dungeon)
 s - a +0 plate armour (worn)
   (You found it on level 2 of the Dungeon)
 L - a +1 ring mail of cold resistance
   (You found it on level 6 of the Dungeon)
Jewellery
 p - a ring of ice
   (You found it on level 3 of the Dungeon)
 H - a +4 ring of evasion (left hand)
   (You found it on level 5 of the Dungeon)
 K - an amulet of regeneration (around neck) {@e2}
   (You took it off an orc on level 6 of the Dungeon)
Wands
 v - a wand of acid (1)
   (You found it on level 4 of the Dungeon)
 z - a wand of mindburst (2)
   (You found it on level 4 of the Dungeon)
 J - a wand of paralysis (9)
   (You found it on level 6 of the Dungeon)
 T - a wand of flame (10)
   (You found it on level 9 of the Dungeon)
Scrolls
 k - 3 scrolls of identify {unknown}
 m - 2 scrolls of blinking {unknown}
 n - a scroll of acquirement {unknown}
 r - 3 scrolls of magic mapping {unknown}
 y - 2 scrolls of immolation {unknown}
 A - 2 scrolls of enchant armour {unknown}
 B - 2 scrolls of silence {!r}
 C - a scroll of fear {unknown}
 D - a scroll of noise {unknown}
 F - a scroll of vulnerability {unknown}
 G - a scroll of enchant weapon {unknown}
 I - 3 scrolls of teleportation {unknown}
 Q - a scroll of holy word {unknown}
 R - a scroll of amnesia {unknown}
Potions
 e - 2 potions of haste {unknown}
 g - 3 potions of cancellation {unknown}
 o - 3 potions of curing {unknown}
 q - a potion of resistance
 u - 2 potions of mutation {unknown}
 w - a potion of heal wounds {unknown}
 M - 2 potions of brilliance {unknown}
 N - a potion of ambrosia {unknown}

Dungeon Overview and Level Annotations

Branches:
Dungeon (9/15)             Temple (1/1) D:7
   Lair: D:8-11         Orc: D:9-12

Altars:
Ashenzari
Cheibriados
Dithmenos
Elyvilon
Fedhas
Gozag
Hepliaklqana
Kikubaaqudgha
Makhleb
Nemelex Xobeh
Okawaru
Qazlal
Ru
Sif Muna
Trog
Uskayaw
Vehumet
Wu Jian
Xom
Zin
The Shining One

Shops:
D:4 ?

Annotations:
D:8 1 runed translucent door
D:9 Erolcha

##..# ##. . ..... .....
.. .... .... .. #..
#..# .*# ..#
##..##..##..##..#
.................
.................
.......@........
#.....#3....#.. ..
##... ##...## #.# ##.#
##.## ...# #...###...##
..##..##..##..##..##
.....................
......................
#.........4............


You could see a wretched star and a sixfirhy.


Message History

You kill the orc!
Okawaru accepts your kill.
You puncture the orc!
You kill the orc!
Okawaru accepts your kill.
You hit something. You hit something.
You hear some strange, mumbled words.
Items here: ( )))) [[ ††.
Items here: ( )))) [[ ††.
You completely miss something.
You hear a zap.
Something tries to affect you, but you resist.
You puncture something! Something hits you. 😕 HP[-1]
You take 1 damage, and now have 80/81 hp.
You hit something.
You feel like a meek peon again.
You hear some strange, mumbled words.
You are cast into the Abyss!
This branch contains the abyssal rune of Zot.
Reactivating autopickup. 😎 HP[+1]
Your hp is fully restored (81).
Found a corrupted altar of Lugonu.
Found a gateway leading deeper into the Abyss.
Found a gateway leading deeper into the Abyss.
Found a gateway leading deeper into the Abyss.
Found a gateway leading deeper into the Abyss.
A shadow imp comes into view.
You completely miss the shadow imp. The shadow imp misses you.
An orange demon comes into view.
You completely miss the shadow imp.
The orange demon screeches!
The shadow imp barely misses you. The shadow imp closely misses you.
You hit the shadow imp.
Your weapon exudes an aura of protection.
The shadow imp gestures at you.
You struggle to resist.
You completely miss the shadow imp. You block the shadow imp's attack.
The shadow imp puffs mist at you. The shadow imp gestures at you.
Pain shoots through your body! 😕 HP[-3]
You take 3 damage, and now have 78/81 hp. 😕 HP[+1] 😕 HP[+1] 😎 HP[+1]
Your hp is fully restored (81).
The shadow imp gestures at you.
You struggle to resist.
A daeva comes into view.
It is wielding a +5 eudemon blade of holy wrath.
The daeva shouts!
A sixfirhy comes into view.
The daeva calls down the wrath of the Shining One upon you.
The Shining One smites you! 😕 HP[-13]
You take 13 damage, and now have 68/81 hp.
The shadow imp gestures at you. Pain shoots through your body!
The sixfirhy barely misses you.
The daeva calls down the wrath of the Shining One upon you.
The Shining One smites you! 😮 HP[-21]
You take 21 damage, and now have 47/81 hp.
MASSIVE DAMAGE!! (PAUSE)
The sixfirhy completely misses you. 😮 HP[+1] 😮 HP[+1]
The daeva calls down the wrath of the Shining One upon you.
The Shining One smites you!
* * * LOW HITPOINT WARNING * * *
😨 HP[-13]
You take 13 damage, and now have 36/81 hp.
You hear a chilling moan.
You block the sixfirhy's attack. x2
The sixfirhy hits you but does no damage.
The daeva calls down the wrath of the Shining One upon you.
The Shining One smites you!
* * * LOW HITPOINT WARNING * * *
😨 HP[-9]
You take 9 damage, and now have 27/81 hp.
You hear a chilling moan.
The sixfirhy hits you.
* * * LOW HITPOINT WARNING * * *
The sixfirhy shocks you!
* * * LOW HITPOINT WARNING * * *
The daeva calls down the wrath of the Shining One upon you.
The Shining One smites you!
* * * LOW HITPOINT WARNING * * *
😱 HP[-23]
You take 23 damage, and now have 4/81 hp.
MASSIVE DAMAGE!! (PAUSE)
A wretched star comes into view. 😱 HP[+1]
Okay, then. 😱 HP[+1]
The sixfirhy hits you.
* * * LOW HITPOINT WARNING * * *
The sixfirhy shocks you!
You die...

Skill      XL: |  1  2  3  4  5  6  7  8  9 10 |
---------------+-------------------------------+-----
Invocations    | 1 2 3 4 5 |  5.4
Short Blades   | 1 2 3 4 5 |  5.0
Long Blades    | 1 2 3 4 5 |  5.0
Maces & Flails | 1 2 3 4 5 |  5.0
Polearms       | 1 2 3 4 5 |  5.0
Staves         | 1 2 3 4 5 |  5.0
Slings         | 1 2 3 4 5 |  5.0
Bows           | 1 2 3 4 6 |  6.7
Crossbows      | 1 2 3 4 5 |  5.0
Throwing       | 1 2 3 4 5 |  5.0
Dodging        | 1 2 3 4 5 |  5.0
Stealth        | 1 2 3 4 5 |  5.0
Unarmed Combat | 1 2 3 4 5 |  5.0
Spellcasting   | 1 2 3 4 5 |  5.0
Evocations     | 1 2 3 4 5 |  5.0
Conjurations   | 1 2 3 4 |  4.1
Hexes          | 1 2 3 4 |  4.1
Summonings     | 1 2 3 4 |  4.1
Necromancy     | 1 2 3 4 |  4.1
Translocations | 1 2 3 4 |  4.1
Transmutations | 1 2 3 4 |  4.1
Fire Magic     | 1 2 3 4 |  4.1
Ice Magic      | 1 2 3 4 |  4.1
Air Magic      | 1 2 3 4 |  4.1
Earth Magic    | 1 2 3 4 |  4.1
Poison Magic   | 1 2 3 4 |  4.1
Axes           | 5 6 |  6.8
Fighting       | 7 8 |  8.3
Armour         | 7 8 |  8.3
Shields        | 7 8 |  8.3

Action                   |  1- 3 |  4- 6 |  7- 9 | 10-12 || total
-------------------------+-------+-------+-------+-------++-------
Melee: War axe           |    78 |       |       |       ||    78
       Bite              |     5 |    16 |    51 |     8 ||    80
       Trident           |       |   136 |   549 |    64 ||   749
Throw: Dart              |       |     2 |       |       ||     2
Invok: Heroism           |       |       |       |     1 ||     1
Evoke: Wand              |       |       |     5 |       ||     5
  Use: Potion            |     1 |       |     1 |       ||     2
       Scroll            |       |       |     1 |       ||     1
 Stab: Paralysed         |       |       |     3 |       ||     3
Armor: Scale mail        |    42 |    51 |       |       ||    93
       Plate armour      |       |   120 |   428 |    22 ||   570
Dodge: Dodged            |    46 |    75 |   233 |    25 ||   379
Block: Buckler           |    28 |    70 |   154 |    15 ||   267

Levels and vault maps discovered:
D:1:      lightli_arrival_lavapool, layout_loops_corners, minmay_heptomino_d4
D:2:      layout_basic, uniq_terence, uniq_sigmund
D:3:      layout_loops_ring, ebering_ecumenical_altar_sacrificial, st_stairs_8,
          uniq_natasha
D:4:      layout_gridville, grunt_temple_overflow_order_and_chaos_1,
          lemuel_coloured_pillars_altar, serial_shops, shop, minmay_manual_mares
D:5:      layout_loops_cross, minmay_crystal_water
D:6:      layout_layer_cave, chequers_serial_rivers_marsh,
          minmay_misc_feat_square
D:7:      layout_layer_cave, riverfiend_overflow_shadow_ancestor,
          mainiacjoe_overflow_catch_the_wave, minmay_temple_entry_glass
D:8:      layout_basic, elyvilon_altar_3, wad_hexagon
D:9:      layout_small_grid, uniq_grum, uniq_erolcha
Temple:   dshaligram_water_room_temple
Abyss:1:  base:
D:1

Notes
Turn   | Place    | Note
-------+----------+-------------------------------------------
     0 | D:1      | GrayStillPlays the Gnoll Fighter began the quest for the
                  | Orb.
     0 | D:1      | Reached XP level 1. HP: 23/23 MP: 1/1
     0 | D:1      | magus.rc [v1.9.6]
   203 | D:1      | Reached XP level 2. HP: 25/29 MP: 2/2
   433 | D:1      | You pick up a book of the Sky and begin reading...
   433 | D:1      | You add the spells Summon Lightning Spire, Storm Form and
                  | Maxwell's Capacitive Coupling to your library.
   524 | D:1      | Reached XP level 3. HP: 24/35 MP: 3/3
  1214 | D:2      | Noticed Terence
  1215 | D:2      | Reached skill level 1 in Invocations
  1231 | D:2      | Killed Terence
  1232 | D:2      | Reached skill level 1 in Short Blades
  1232 | D:2      | Reached skill level 1 in Long Blades
  1232 | D:2      | Reached skill level 1 in Maces & Flails
  1232 | D:2      | Reached skill level 1 in Polearms
  1232 | D:2      | Reached skill level 1 in Staves
  1232 | D:2      | Reached skill level 1 in Slings
  1232 | D:2      | Reached skill level 1 in Bows
  1232 | D:2      | Reached skill level 1 in Crossbows
  1232 | D:2      | Reached skill level 1 in Throwing
  1232 | D:2      | Reached skill level 1 in Dodging
  1232 | D:2      | Reached skill level 1 in Stealth
  1232 | D:2      | Reached skill level 1 in Unarmed Combat
  1232 | D:2      | Reached skill level 1 in Spellcasting
  1232 | D:2      | Reached skill level 1 in Evocations
  1232 | D:2      | Reached XP level 4. HP: 39/41 MP: 5/5
  1917 | D:1      | Reached skill level 1 in Conjurations
  1917 | D:1      | Reached skill level 1 in Hexes
  1917 | D:1      | Reached skill level 1 in Summonings
  1917 | D:1      | Reached skill level 1 in Necromancy
  1917 | D:1      | Reached skill level 1 in Translocations
  1917 | D:1      | Reached skill level 1 in Transmutations
  1917 | D:1      | Reached skill level 1 in Fire Magic
  1917 | D:1      | Reached skill level 1 in Ice Magic
  1917 | D:1      | Reached skill level 1 in Air Magic
  1917 | D:1      | Reached skill level 1 in Earth Magic
  1917 | D:1      | Reached skill level 1 in Poison Magic
  2415 | D:2      | Noticed Sigmund
  2441 | D:2      | Killed Sigmund
  2442 | D:2      | Reached skill level 2 in Invocations
  2442 | D:2      | Reached XP level 5. HP: 37/47 MP: 5/7
  2442 | D:2      | Reached XP level 6. HP: 42/53 MP: 5/8
  2694 | D:3      | Reached skill level 5 in Axes
  2758 | D:3      | Found a faded altar of an unknown god.
  2903 | D:3      | Noticed Natasha
  2908 | D:3      | Killed Natasha
  2909 | D:3      | Reached skill level 2 in Short Blades
  2909 | D:3      | Reached skill level 2 in Long Blades
  2909 | D:3      | Reached skill level 2 in Maces & Flails
  2909 | D:3      | Reached skill level 2 in Polearms
  2909 | D:3      | Reached skill level 2 in Staves
  2909 | D:3      | Reached skill level 2 in Slings
  2909 | D:3      | Reached skill level 2 in Bows
  2909 | D:3      | Reached skill level 2 in Crossbows
  2909 | D:3      | Reached skill level 2 in Throwing
  2909 | D:3      | Reached skill level 2 in Dodging
  2909 | D:3      | Reached skill level 2 in Stealth
  2909 | D:3      | Reached skill level 2 in Unarmed Combat
  2909 | D:3      | Reached skill level 2 in Spellcasting
  2909 | D:3      | Reached skill level 2 in Evocations
  3045 | D:3      | Noticed Natasha
  3047 | D:3      | Killed Natasha
  3126 | D:3      | Noticed Natasha
  3139 | D:3      | Killed Natasha
  3522 | D:4      | HP: 13/53 [centaur (1)]
  3526 | D:4      | Reached XP level 7. HP: 8/59 MP: 10/10
  3530 | D:4      | Reached skill level 7 in Fighting
  3530 | D:4      | Reached skill level 7 in Armour
  3530 | D:4      | Reached skill level 7 in Shields
  3799 | D:4      | Reached skill level 2 in Conjurations
  3799 | D:4      | Reached skill level 2 in Hexes
  3799 | D:4      | Reached skill level 2 in Summonings
  3799 | D:4      | Reached skill level 2 in Necromancy
  3799 | D:4      | Reached skill level 2 in Translocations
  3799 | D:4      | Reached skill level 2 in Transmutations
  3799 | D:4      | Reached skill level 2 in Fire Magic
  3799 | D:4      | Reached skill level 2 in Ice Magic
  3799 | D:4      | Reached skill level 2 in Air Magic
  3799 | D:4      | Reached skill level 2 in Earth Magic
  3799 | D:4      | Reached skill level 2 in Poison Magic
  4252 | D:4      | Found Imegequc's Magic Scroll Shoppe.
  4638 | D:4      | Found a shimmering blue altar of Sif Muna.
  4665 | D:4      | Noticed an angel
  4666 | D:4      | Found a glowing silver altar of Zin.
  4666 | D:4      | Found a shimmering altar of Xom.
  4814 | D:5      | Entered Level 5 of the Dungeon
  4832 | D:5      | Reached skill level 3 in Bows
  4832 | D:5      | Reached skill level 3 in Invocations
  5118 | D:5      | Reached XP level 8. HP: 67/67 MP: 12/12
  5307 | D:5      | Reached skill level 3 in Short Blades
  5307 | D:5      | Reached skill level 3 in Long Blades
  5307 | D:5      | Reached skill level 3 in Maces & Flails
  5307 | D:5      | Reached skill level 3 in Polearms
  5307 | D:5      | Reached skill level 3 in Staves
  5307 | D:5      | Reached skill level 3 in Slings
  5307 | D:5      | Reached skill level 3 in Crossbows
  5307 | D:5      | Reached skill level 3 in Throwing
  5307 | D:5      | Reached skill level 3 in Dodging
  5307 | D:5      | Reached skill level 3 in Stealth
  5307 | D:5      | Reached skill level 3 in Unarmed Combat
  5307 | D:5      | Reached skill level 3 in Spellcasting
  5307 | D:5      | Reached skill level 3 in Evocations
  5527 | D:5      | You fall into a shaft and drop 1 floor!
  5942 | D:6      | Reached skill level 4 in Bows
  6805 | D:7      | Noticed a shadow
  6806 | D:7      | Found a shadowy altar of Dithmenos.
  6807 | D:7      | Found a hazy altar of Hepliaklqana.
  6893 | D:7      | HP: 16/67 [poisoned by a gnoll sergeant]
  6896 | D:7      | HP: 4/67 [gnoll sergeant (8)]
  6899 | D:7      | HP: 1/67 [poisoned by a gnoll sergeant]
  6901 | D:7      | Reached skill level 3 in Conjurations
  6901 | D:7      | Reached skill level 3 in Hexes
  6901 | D:7      | Reached skill level 3 in Summonings
  6901 | D:7      | Reached skill level 3 in Necromancy
  6901 | D:7      | Reached skill level 3 in Translocations
  6901 | D:7      | Reached skill level 3 in Transmutations
  6901 | D:7      | Reached skill level 3 in Fire Magic
  6901 | D:7      | Reached skill level 3 in Ice Magic
  6901 | D:7      | Reached skill level 3 in Air Magic
  6901 | D:7      | Reached skill level 3 in Earth Magic
  6901 | D:7      | Reached skill level 3 in Poison Magic
  6901 | D:7      | Reached skill level 4 in Invocations
  7263 | D:7      | Found a bloodstained altar of Trog.
  7302 | D:7      | Found a staircase to the Ecumenical Temple.
  7323 | Temple   | Entered the Ecumenical Temple
  7359 | Temple   | Became a worshipper of Warmaster Okawaru
  7523 | D:7      | Reached skill level 6 in Axes
  7729 | D:7      | Reached XP level 9. HP: 65/72 MP: 14/14
  7803 | D:7      | Found a broken altar of Ashenzari.
  8430 | D:8      | Reached skill level 5 in Bows
  8432 | D:8      | Found a runed translucent door.
  8468 | D:8      | Reached skill level 4 in Short Blades
  8468 | D:8      | Reached skill level 4 in Long Blades
  8468 | D:8      | Reached skill level 4 in Maces & Flails
  8468 | D:8      | Reached skill level 4 in Polearms
  8468 | D:8      | Reached skill level 4 in Staves
  8468 | D:8      | Reached skill level 4 in Slings
  8468 | D:8      | Reached skill level 4 in Crossbows
  8468 | D:8      | Reached skill level 4 in Throwing
  8468 | D:8      | Reached skill level 4 in Dodging
  8468 | D:8      | Reached skill level 4 in Stealth
  8468 | D:8      | Reached skill level 4 in Unarmed Combat
  8468 | D:8      | Reached skill level 4 in Spellcasting
  8468 | D:8      | Reached skill level 4 in Evocations
  8705 | D:8      | HP: 17/74 [orc priest (7)]
  8707 | D:8      | HP: 7/74 [orc warrior (8)]
  8707 | D:8      | HP: 3/74 [orc priest (1)]
  8708 | D:8      | HP: 1/74 [orc warrior (4)]
  8721 | D:8      | HP: 13/74 [orc warrior (1)]
  8722 | D:8      | Reached * piety under Okawaru
  9089 | D:8      | Found a white marble altar of Elyvilon.
  9437 | D:8      | Noticed a troll
  9438 | D:8      | Noticed a black mamba
  9500 | D:9      | Noticed Grum
  9511 | D:8      | Reached skill level 8 in Fighting
  9511 | D:8      | Reached skill level 8 in Armour
  9511 | D:8      | Reached skill level 8 in Shields
  9559 | D:9      | Killed Grum
  9560 | D:9      | Reached skill level 6 in Bows
  9560 | D:9      | Reached skill level 5 in Invocations
  9660 | D:8      | Reached ** piety under Okawaru
  9675 | D:8      | Reached skill level 4 in Conjurations
  9675 | D:8      | Reached skill level 4 in Hexes
  9675 | D:8      | Reached skill level 4 in Summonings
  9675 | D:8      | Reached skill level 4 in Necromancy
  9675 | D:8      | Reached skill level 4 in Translocations
  9675 | D:8      | Reached skill level 4 in Transmutations
  9675 | D:8      | Reached skill level 4 in Fire Magic
  9675 | D:8      | Reached skill level 4 in Ice Magic
  9675 | D:8      | Reached skill level 4 in Air Magic
  9675 | D:8      | Reached skill level 4 in Earth Magic
  9675 | D:8      | Reached skill level 4 in Poison Magic
  9675 | D:8      | Reached XP level 10. HP: 42/80 MP: 17/17
  9876 | D:9      | Reached skill level 5 in Short Blades
  9876 | D:9      | Reached skill level 5 in Long Blades
  9876 | D:9      | Reached skill level 5 in Maces & Flails
  9876 | D:9      | Reached skill level 5 in Polearms
  9876 | D:9      | Reached skill level 5 in Staves
  9876 | D:9      | Reached skill level 5 in Slings
  9876 | D:9      | Reached skill level 5 in Crossbows
  9876 | D:9      | Reached skill level 5 in Throwing
  9876 | D:9      | Reached skill level 5 in Dodging
  9876 | D:9      | Reached skill level 5 in Stealth
  9876 | D:9      | Reached skill level 5 in Unarmed Combat
  9876 | D:9      | Reached skill level 5 in Spellcasting
  9876 | D:9      | Reached skill level 5 in Evocations
  9907 | D:9      | Noticed Erolcha
  9934 | D:9      | You are cast into the Abyss!
  9934 | D:9      | Cast into level 1 of the Abyss (Erolcha)
  9935 | Abyss:1  | Found a corrupted altar of Lugonu.
  9969 | Abyss:1  | Noticed an orange demon
 10018 | Abyss:1  | Noticed a daeva
 10020 | Abyss:1  | Noticed a sixfirhy
 10029 | Abyss:1  | HP: 14/81 [sixfirhy (9)]
 10029 | Abyss:1  | HP: 4/81 [daeva/divine providence (10)]
 10030 | Abyss:1  | Noticed a wretched star
 10032 | Abyss:1  | Mangled by a sixfirhy

Vanquished Creatures
  A wyvern (D:8)
  5 yaks (D:8)
  A steam dragon (D:8)
  Grum (D:9)
  A water moccasin (D:7)
  A black bear (D:5)
  An orc warrior (D:8)
  A hornet zombie (D:5)
  3 wolves (D:8)
  An ogre (D:4)
  A necrophage (D:6)
  4 centaurs
  3 bullfrogs
  2 gnoll sergeants
  A wyvern zombie (D:9)
  A wight (D:8)
  A howler monkey (D:6)
  A centaur zombie (D:6)
  A hound (D:4)
  2 jellies
  2 orc priests (D:8)
  A bullfrog skeleton (D:6)
  Terence (D:2)
  Natasha (thrice) (D:3)
  4 orc wizards
  A scorpion zombie (D:5)
  3 killer bee zombies
  A hound skeleton (D:5)
  10 gnolls
  6 adders
  3 howler monkey skeletons
  A shadow imp (D:6)
  2 white imps (D:5)
  3 adder skeletons
  3 dart slugs
  23 orcs
  4 endoplasms
  3 giant cockroaches
  9 goblins
  8 hobgoblins
  12 jackals
  3 quokkas
  8 ball pythons
  5 bats
  2 frilled lizards
  5 kobolds
  6 rats
165 creatures vanquished.

Vanquished Creatures (others)
  Sigmund (D:2)
1 creature vanquished.

Grand Total: 166 creatures vanquished

Table legend:
 A = Non-vault XP
 B = Vault XP
 C = Vault XP percentage of total XP
 D = Non-vault monster count
 E = Vault monster count
 F = Vault count percentage of total count
                 A         B        C        D         E       F
            +---------+---------+-------+---------+---------+-------
      Total |    4042 |    1183 |  22.6 |     152 |      14 |   8.4
            +---------+---------+-------+---------+---------+-------
        D:1 |      80 |       3 |   3.6 |      28 |       2 |   6.7
        D:2 |      69 |     252 |  78.5 |      26 |       2 |   7.1
        D:3 |      94 |      37 |  28.2 |      10 |       2 |  16.7
        D:4 |     275 |     209 |  43.2 |      17 |       2 |  10.5
        D:5 |     500 |       0 |   0.0 |      14 |       0 |   0.0
        D:6 |     353 |       0 |   0.0 |      12 |       0 |   0.0
        D:7 |     559 |       0 |   0.0 |      14 |       0 |   0.0
        D:8 |    1984 |     495 |  20.0 |      24 |       5 |  17.2
        D:9 |     125 |     187 |  59.9 |       6 |       1 |  14.3
     Temple |       3 |       0 |   0.0 |       1 |       0 |   0.0
            +---------+---------+-------+---------+---------+-------

Illustrated notes

Table legend:
 A = Kills in this place as a percentage of kills in entire the game.
 B = Kills by you in this place as a percentage of kills by you in the entire game.
 C = Kills by friends in this place as a percentage of kills by friends in the entire game.
 D = Other kills in this place as a percentage of other kills in the entire game.
 E = Experience gained in this place as a percentage of experience gained in the entire game.
 F = Experience gained in this place divided by the number of levels of this place that you have seen.
                   A       B       C       D       E      F
               +-------+-------+-------+-------+-------+----------------------
         Total | 100.0 | 100.0 |   N/A | 100.0 | 100.0 | 475.0
       Dungeon |  99.4 |  99.4 |   N/A | 100.0 |  99.9 | 580.2
        Temple |   0.6 |   0.6 |   N/A |   0.0 |   0.1 |   3.0
               +-------+-------+-------+-------+-------+----------------------

Table legend: (Time is in decaauts)
 A = Elapsed time spent in this place.
 B = Non-inter-level travel time spent in this place.
 C = Inter-level travel time spent in this place.
 D = Time resting spent in this place.
 E = Time spent auto-exploring this place.
 F = Levels seen in this place.
 G = Mean time per level.
                   A        B        C        D        E       F      G
               +--------+--------+--------+--------+--------+-----+--------+
         Total |  10192 |   9794 |    398 |   1285 |   6624 |  11 |  926.5 |
       Dungeon |   9997 |   9599 |    398 |   1285 |   6603 |   9 | 1110.8 |
        Temple |     97 |     97 |      0 |      0 |     21 |   1 |   97.0 |
         Abyss |     98 |     98 |      0 |      0 |      0 |   1 |   98.0 |
               +--------+--------+--------+--------+--------+-----+--------+

Top non-repeatable levels by time:
     D:1: 1793 daAuts
     D:7: 1437 daAuts
     D:8: 1381 daAuts
     D:4: 1357 daAuts
     D:6: 1119 daAuts
     D:2: 945 daAuts
     D:5: 915 daAuts
     D:3: 795 daAuts
     D:9: 251 daAuts
 Abyss:1: 98 daAuts
  Temple: 97 daAuts
